 Dungeon Crawl Stone Soup version 0.29.1-12-g30fa7ad0bf (webtiles) character file.

Game seed: 10608617875866275841

46 nightchill the Chopper (level 3, -2/33 HPs)
             Began as a Hill Orc Fighter on Jan 3, 2023.
             Slain by an orc wizard
             ... wielding a +0 dagger
              (4 damage)
             ... on level 1 of the Dungeon.
             The game lasted 00:02:22 (820 turns).

nightchill the Chopper (Hill Orc Fighter)            Turns: 820, Time: 00:02:22

Health: -2/33      AC:  6    Str: 20    XL:     3   Next: 66%
Magic:  3/3        EV: 13    Int:  8    God:
Gold:   98         SH:  4    Dex: 10    Spells: 2/2 levels left

rFire   . . .      SeeInvis .   a - +0 war axe
rCold   . . .      Faith    .   c - +0 buckler
rNeg    . . .      Spirit   .   b - +0 scale mail
rPois   .          Reflect  .   (no helmet)
rElec   .          Harm     .   (no cloak)
rCorr   .          Rampage  .   (no gloves)
Will    .....                   (no boots)
Stlth   ..........              (no amulet)
HPRegen 0.11/turn               e - +4 ring of evasion
MPRegen 0.08/turn               (no ring)

@: no status effects
A: no striking features
a: no special abilities


You were on level 1 of the Dungeon.
You visited 1 branch of the dungeon, and saw 2 of its levels.

You collected 98 gold pieces.

Inventory:

Hand Weapons
 a - a +0 war axe (weapon)
Missiles
 h - 4 poisoned darts (quivered)
 j - 16 stones
Armour
 b - a +0 scale mail (worn)
 c - a +0 buckler (worn)
Jewellery
 e - a +4 ring of evasion (left hand)
Scrolls
 f - a scroll of identify {unknown}
 g - a scroll of enchant armour {unknown}
 i - a scroll of blinking {unknown}
Potions
 d - a potion of might
 k - a potion of berserk rage {unknown}
 l - a potion of curing {unknown}


   Skills:
 + Level 4.3 Fighting
 * Level 4.6 Axes
 - Level 3.2 Armour
 - Level 3.2 Shields


You had 2 spell levels left.
You didn't know any spells.
Your spell library contained the following spells:

 Spells                   Type           Power      Damage    Failure   Level
 Ozocubu's Armour         Ice            0%         N/A       99%         3
 Ozocubu's Refrigeration  Ice            0%         4d7       100%        7


Dungeon Overview and Level Annotations

Branches:
Dungeon (2/15)

Altars:

Annotations:
D:1 exclusion: downstairs


Message History

You hear some strange, mumbled words.
A puff of flame appears from out of thin air!
The puff of flame hits you!
* * * LOW HITPOINT WARNING * * *
You closely miss something. You block something's attack.
You hear some strange, mumbled words.
You are confused.
Unknown command.
Okay, then.
You are too confused!
Unknown command.
Okay, then.
You miss something. Something hits you but does no damage.
Something hits you but does no damage. Something hits you but does no damage.
You see here a +0 club.
You completely miss something. Something hits you.
* * * LOW HITPOINT WARNING * * *
Something hits you.
* * * LOW HITPOINT WARNING * * *
You feel less confused. Something barely misses you.
There is a strange disturbance nearby!
Okay, then.
You hit something but do no damage.
Something hits you but does no damage. x2
Something hits you but does no damage.
There is a stone staircase leading up here.
An orc wizard appears from thin air!
Reactivating autopickup.
The orc wizard hits you but does no damage.
You climb upwards.
Level annotation: exclusion: downstairs
There is a stone staircase leading down here.
You hit the orc wizard.
The orc wizard is severely wounded.
The orc wizard hits you but does no damage.
You hit the orc wizard.
The orc wizard is severely wounded.
The orc wizard hits you with a +0 dagger.
You die...

### ##.##### ########
######......# ##......##
#....#......#
##.......@###...........#
#.........o##....#......##
#..........######........#
#..........# ##.####...#
#..........#####..# ##...
#..........#.....## ##..
##........##.###########..
##.........#.######......#
#........†................


You could see an orc wizard.

Vanquished Creatures
  An adder (D:1)
  2 orcs (D:2)
  3 ball pythons
  An endoplasm (D:2)
  3 giant cockroaches (D:1)
  4 goblins (D:1)
  A hobgoblin (D:1)
  3 jackals (D:1)
  3 kobolds
  2 quokkas
  2 bats (D:1)
  3 frilled lizards
  6 rats
34 creatures vanquished.

Notes
Turn   | Place    | Note
-------+----------+-------------------------------------------
     0 | D:1      | nightchill the Hill Orc Fighter began the quest for the
                  | Orb.
     0 | D:1      | Reached XP level 1. HP: 19/19 MP: 1/1
   148 | D:1      | Reached XP level 2. HP: 27/27 MP: 2/2
   450 | D:1      | Reached XP level 3. HP: 32/33 MP: 3/3
   810 | D:2      | HP: 1/33 [something (2)]
   820 | D:1      | Slain by an orc wizard

Illustrated notes

Levels and vault maps discovered:
D:1:      minmay_arrival_three_doors, layout_rooms, st_stairs_13, nrook_uturn,
          minmay_3d_cube
D:2:      layout_rooms, shapermc_ecumenical_altar_acropolis

Skill      XL: |  1  2 |
---------------+-------+-----
Axes           | 3 4 |  4.6
Fighting       | 4 |  4.3
Armour         | |  3.2
Shields        | |  3.2

Action                   || total
-------------------------++-------
Melee: War axe           ||    92
Armor: Scale mail        ||    49
Dodge: Dodged            ||    52
Block: Buckler           ||    22
